 Dungeon Crawl Stone Soup version 0.30-a0-161-gdd60e06945 (webtiles) character file.

Game seed: 3080844808104748701

8539 qw the Cleaver (level 11, -1/68 HPs)
             Began as a Gargoyle Fighter on Sept 27, 2022.
             Was an Elder of Okawaru.
             Slain by a yak (6 damage)
             ... on level 1 of the Lair of Beasts.
             The game lasted 00:04:11 (11794 turns).

qw the Cleaver (Gargoyle Fighter)                  Turns: 11794, Time: 00:04:12

Health: -1/68      AC: 29    Str: 23    XL:     11   Next: 32%
Magic:  13/15      EV: 10    Int: 13    God:    Okawaru [****..]
Gold:   505        SH:  6    Dex: 14    Spells: 10/10 levels left

rFire   . . .      SeeInvis .    Y - +1 war axe
rCold   . . .      Faith    .    c - +0 buckler
rNeg    + . .      Spirit   .    p - +0 plate armour
rPois   inf        Reflect  .    (no helmet)
rElec   +          Harm     .    n - +0 cloak
rCorr   .          Rampage  .    i - +0 pair of gloves
Will    .....                    a - +1 pair of boots
Stlth   ..........               (no amulet)
HPRegen 0.21/turn                g - +6 ring of dexterity
MPRegen 0.14/turn                (no ring)

@: heroic, slowed, very slow
A: sickness immunity, AC +8, negative energy resistance 1, electricity
resistance, torment resistance 1, petrification resistance, hooves 1, clever 1,
no potion heal 1
a: Renounce Religion, Heroism, Finesse


You were on level 1 of the Lair of Beasts.
You worshipped Okawaru.
Okawaru was greatly pleased with you.
You visited 3 branches of the dungeon, and saw 11 of its levels.

You collected 505 gold pieces.


Innate Abilities, Weirdness & Mutations

You are immune to sickness and miasma.
Your stone body is resilient. (AC +8)
You are immune to poison.
You resist negative energy. (rN+)
You are resistant to electric shocks. (rElec)
You are resistant to unholy torment.
You are immune to petrification.
You have large cloven feet.
Your mind is acute. (Int +4, Str/Dex -1)
Potions are less effective at restoring your health.


   Skills:
 - Level 8.2(13.2) Fighting
 - Level 11.2(16.2) Axes
 - Level 1.9(6.9) Throwing
 + Level 7.9(12.9) Armour
 - Level 2.9(7.9) Dodging
 - Level 5.2(10.2) Shields
 + Level 5.9 Invocations


You had 10 spell levels left.
You didn't know any spells.
Your spell library was empty.

Inventory:

Hand Weapons
 j - a +0 morningstar
 Y - a +1 war axe (weapon)
Missiles
 l - 11 boomerangs (quivered)
Armour
 a - a +1 pair of boots (worn)
 c - a +0 buckler (worn)
 i - a +0 pair of gloves (worn)
 n - a +0 cloak (worn)
 p - a +0 plate armour (worn)
Jewellery
 g - a +6 ring of dexterity (left hand)
Scrolls
 k - 8 scrolls of identify
Potions
 b - 2 potions of cancellation
 d - 2 potions of might
 f - 2 potions of attraction
 m - 3 potions of curing

Dungeon Overview and Level Annotations

Branches:
Dungeon (9/15)             Temple (1/1) D:4            Lair (1/5) D:8
    Orc: D:9-12

Altars:
Ashenzari
Cheibriados
Dithmenos
Elyvilon
Fedhas
Hepliaklqana
Kikubaaqudgha
Makhleb
Nemelex Xobeh
Okawaru
Ru
Sif Muna
Trog
Uskayaw
Vehumet
Wu Jian
Xom
Yredelemnul
Zin
The Shining One

Shops:
D:8 :

Annotations:
D:9 2 runed translucent doors
Lair:1 Gastronok


Message History

The yak barely misses you. x2; You block the yak's attack.
A komodo dragon comes into view.
The komodo dragon hisses angrily.
You slash the yak!
The yak is severely wounded.
You slash the yak! You hit the yak. You slash the yak!
You hear an angry hiss.
The yak barely misses you. The yak gores you. The yak gores you!
The yak barely misses you.
You closely miss the yak.
The yak is severely wounded.
You slash the yak! x2; You hit the yak but do no damage.
The yak closely misses you. The yak gores you. The yak gores you!
The yak gores you but does no damage. You block the yak's attack.
The yak barely misses you. x2
11792 ||| DRINKING potion of heal wounds.
Your system partially rejects the healing.
You feel much better.
You feel like a meek peon again.
The komodo dragon completely misses you.
You block the yak's attack.
11793 ||| INVOKING Heroism.
You gain the combat prowess of a mighty hero.
The komodo dragon bites you but does no damage.
A komodo dragon comes into view.
The yak misses you. You block the yak's attack.
The yak gores you but does no damage. The yak gores you!
The komodo dragon bites you! The yak barely misses you.
The yak gores you but does no damage. x2; The yak closely misses you.
The yak gores you but does no damage.
You slash the yak!
You kill the yak!
Okawaru accepts your kill.
You closely miss the yak. You hit the yak but do no damage.
You hit the komodo dragon but do no damage.
You hit the yak. You slash the yak!
You kill the yak!
Okawaru accepts your kill. The komodo dragon barely misses you.
The yak gores you. x2
You die...

##########.####.................
!....l..........................
.....w..........................
.......>........................
..............)........P###.#.##
.......................## ####
/......................#
...............l.......#
.......[.......Y@Y.....#
####.##.######.YlY...>..
##........# #........#
#......... #.l......# #........#
#.....(...


You could see 3 komodo dragons and 4 yaks.

Vanquished Creatures
  Erica (D:9)
  Pikel (D:4)
  Maurice (D:8)
  A black mamba (Lair:1)
  Psyche (D:8)
  An efreet (D:9)
  3 komodo dragons
  3 hornets
  Sigmund (D:4)
  A wyvern (D:8)
  2 basilisks (Lair:1)
  7 yaks
  3 steam dragons
  Edmund (D:4)
  Duvessa (D:6)
  3 water moccasins
  3 orc warriors
  An ice beast (D:8)
  2 black bears
  3 centaurs
  2 phantoms
  A bullfrog (D:7)
  2 kobold brigands
  4 scorpions
  4 wights (D:9)
  Dowan (D:6)
  9 killer bees (D:9)
  A howler monkey (D:6)
  A hound (D:4)
  3 jellies
  5 orc priests
  9 iguanas
  3 orc wizards
  4 gnolls (D:7)
  6 adders
  2 ufetubi
  2 worms (D:2)
  A dart slug (D:1)
  29 orcs
  6 endoplasms
  4 giant cockroaches
  5 hobgoblins
  6 jackals
  2 quokkas
  6 ball pythons
  2 bats
  4 frilled lizards
  5 goblins
  10 kobolds
  9 rats
188 creatures vanquished.

Vanquished Creatures (others)
  A fungus (Lair:1)
  9 plants
10 creatures vanquished.

Grand Total: 198 creatures vanquished

Notes
Turn   | Place    | Note
-------+----------+-------------------------------------------
     0 | D:1      | qw the Gargoyle Fighter began the quest for the Orb.
     0 | D:1      | Reached XP level 1. HP: 14/14 MP: 1/1
     0 | D:1      | 0 ||| qw: Version: 0.2-a-10-g37ed214
     0 | D:1      | 0 ||| qw: Game counter: 660
     0 | D:1      | 0 ||| qw: Always use a shield: true
     0 | D:1      | 0 ||| qw: God list: Okawaru
     0 | D:1      | 0 ||| qw: Allow faded altars: false
     0 | D:1      | 0 ||| qw: Do Orc after D:15 true
     0 | D:1      | 0 ||| qw: Do second Lair branch before Depths: true
     0 | D:1      | 0 ||| qw: Lair rune preference: random
     0 | D:1      | 0 ||| qw: Plans: Normal, Zot:1-4, God:TSO, Crypt, Tomb,
                  | Pan, Slime:5, Hells, Abyss, Orb
     0 | D:1      | 0 ||| PLANNING D:1-11
    19 | D:1      | 19 ||| Stepping ~*~*~tactically~*~*~ (stealth).
    20 | D:1      | 20 ||| Stepping ~*~*~tactically~*~*~ (stealth).
    28 | D:1      | Reached skill level 2 in Axes
   134 | D:1      | Reached XP level 2. HP: 17/19 MP: 2/2
   248 | D:1      | 248 ||| Stepping ~*~*~tactically~*~*~ (stealth).
   249 | D:1      | 249 ||| Stepping ~*~*~tactically~*~*~ (stealth).
   387 | D:1      | 387 ||| Stepping ~*~*~tactically~*~*~ (stealth).
   496 | D:1      | Reached skill level 3 in Axes
   628 | D:1      | Found a faded altar of an unknown god.
   636 | D:1      | Reached XP level 3. HP: 23/23 MP: 3/3
   787 | D:1      | 787 ||| READING scroll labelled MANERE SUCATH.
   788 | D:1      | 788 ||| DRINKING 2 green potions.
   789 | D:1      | 789 ||| DROPPING potion of degeneration.
  1341 | D:2      | 1341 ||| Stepping ~*~*~tactically~*~*~ (stealth).
  1511 | D:2      | 1511 ||| DROPPING +0 club.
  1512 | D:2      | You fall into a shaft and drop 2 floors!
  1532 | D:4      | Found a shadowy altar of Dithmenos.
  1560 | D:4      | Reached skill level 4 in Axes
  1560 | D:4      | Reached XP level 4. HP: 26/28 MP: 4/4
  1576 | D:4      | 1576 ||| READING scroll labelled IFYPIG FOP HUV.
  1577 | D:4      | 1577 ||| READING scroll labelled QUNWOCV AMNO.
  1578 | D:4      | 1578 ||| READING scroll labelled VOERUIL TAO.
  1582 | D:4      | 1582 ||| READING scroll labelled TEUCSI GAQEZXY.
  1631 | D:4      | 1631 ||| UPGRADING to +0 pair of boots.
  1702 | D:3      | Found a blossoming altar of Fedhas.
  1743 | D:3      | 1743 ||| UPGRADING to +0 chain mail.
  1753 | D:3      | 1753 ||| DROPPING +0 scale mail.
  1878 | D:2      | 1878 ||| Stepping ~*~*~tactically~*~*~ (stealth).
  1881 | D:2      | 1881 ||| Stepping ~*~*~tactically~*~*~ (stealth).
  1884 | D:2      | 1884 ||| Stepping ~*~*~tactically~*~*~ (stealth).
  1917 | D:2      | Reached XP level 5. HP: 32/32 MP: 5/5
  2176 | D:2      | 2176 ||| UPGRADING to +6 ring of dexterity.
  2177 | D:2      | 2177 ||| READING scroll labelled INULOU XINT.
  2178 | D:2      | 2178 ||| READING scroll labelled YDOPLE OLOPOKY.
  2282 | D:3      | Found a radiant altar of Vehumet.
  2597 | D:3      | 2597 ||| READING 2 scrolls labelled MABURHEONO.
  2598 | D:3      | 2598 ||| READING 3 scrolls labelled UMPIOJI NICRYJULIF.
  2599 | D:3      | 2599 ||| READING 2 scrolls of identify.
  2599 | D:3      | 2599 ||| IDENTIFYING puce potion
  2600 | D:3      | 2600 ||| DROPPING scroll of fog.
  2601 | D:3      | 2601 ||| DROPPING 2 scrolls of noise.
  2621 | D:4      | Noticed Sigmund
  2623 | D:4      | 2623 ||| DRINKING potion of curing.
  2623 | D:4      | 2623 ||| (to cure confusion)
  2638 | D:4      | Killed Sigmund
  2639 | D:4      | Reached XP level 6. HP: 22/37 MP: 6/6
  2805 | D:4      | Noticed Pikel
  2806 | D:4      | 2806 ||| Stepping ~*~*~tactically~*~*~ (stealth).
  2820 | D:4      | Killed Pikel
  2821 | D:4      | Reached skill level 6 in Axes
  2821 | D:4      | Reached XP level 7. HP: 18/41 MP: 7/7
  2860 | D:4      | 2860 ||| Stepping ~*~*~tactically~*~*~ (stealth).
  2895 | D:4      | 2895 ||| FLEEEEING.
  3034 | D:4      | Found a staircase to the Ecumenical Temple.
  3036 | D:4      | 3036 ||| PLANNING TEMPLE
  3036 | D:4      | 3036 ||| DROPPING +0 whip.
  3037 | D:4      | 3037 ||| DRINKING 2 lumpy emerald potions.
  3046 | Temple   | Entered the Ecumenical Temple
  3046 | Temple   | Found a transporter.
  3046 | Temple   | Found a transporter.
  3048 | Temple   | Found a transporter.
  3048 | Temple   | Found a transporter.
  3058 | Temple   | 3058 ||| PLANNING D:1-11
  3128 | Temple   | 3128 ||| PLANNING OKAWARU WORSHIP
  3128 | Temple   | Became a worshipper of Warmaster Okawaru
  3129 | Temple   | 3129 ||| PLANNING D:1-11
  3190 | D:4      | 3190 ||| Stepping ~*~*~tactically~*~*~ (stealth).
  3195 | D:4      | 3195 ||| Stepping ~*~*~tactically~*~*~ (hiding).
  3208 | D:4      | Reached XP level 8. HP: 13/48 MP: 8/8
  3217 | D:4      | Reached skill level 7 in Axes
  3219 | D:4      | 3219 ||| FLEEEEING.
  3224 | D:4      | 3224 ||| FLEEEEING.
  3229 | D:4      | 3229 ||| FLEEEEING.
  3236 | D:4      | 3236 ||| FLEEEEING.
  3237 | D:4      | 3237 ||| FLEEEEING.
  3238 | D:4      | 3238 ||| FLEEEEING.
  3239 | D:4      | 3239 ||| FLEEEEING.
  3242 | D:4      | 3242 ||| FLEEEEING.
  3243 | D:4      | 3243 ||| FLEEEEING.
  3244 | D:4      | 3244 ||| FLEEEEING.
  3248 | D:4      | 3248 ||| FLEEEEING.
  3249 | D:4      | 3249 ||| FLEEEEING.
  3250 | D:4      | 3250 ||| FLEEEEING.
  3251 | D:4      | 3251 ||| FLEEEEING.
  3258 | D:4      | 3258 ||| FLEEEEING.
  3259 | D:4      | 3259 ||| FLEEEEING.
  3260 | D:4      | 3260 ||| FLEEEEING.
  3261 | D:4      | 3261 ||| FLEEEEING.
  3262 | D:4      | 3262 ||| FLEEEEING.
  3263 | D:4      | 3263 ||| FLEEEEING.
  3264 | D:4      | 3264 ||| FLEEEEING.
  3265 | D:4      | 3265 ||| FLEEEEING.
  3266 | D:4      | 3266 ||| FLEEEEING.
  3267 | D:4      | 3267 ||| FLEEEEING.
  3269 | D:4      | 3269 ||| STAIRDANCE
  3429 | D:4      | Noticed Edmund
  3434 | D:4      | 3434 ||| DROPPING +2 whip of flaming.
  3547 | D:4      | HP: 6/48 [Edmund/+3 flail of venom (14)]
  3548 | D:4      | 3548 ||| READING scroll of teleportation.
  4070 | D:4      | Killed Edmund
  4245 | D:4      | 4245 ||| DROPPING +0 flail.
  4392 | D:4      | 4392 ||| DRINKING 2 inky potions.
  4493 | D:4      | 4493 ||| READING 3 scrolls of identify.
  4493 | D:4      | 4493 ||| IDENTIFYING purple potion
  4494 | D:4      | 4494 ||| DROPPING potion of invisibility.
  4495 | D:4      | 4495 ||| DROPPING potion of ambrosia.
  4527 | D:5      | Entered Level 5 of the Dungeon
  4529 | D:5      | 4529 ||| STAIRDANCE
  4610 | D:5      | Reached skill level 1 in Throwing
  4610 | D:5      | 4610 ||| STAIRDANCE
  4808 | D:5      | 4808 ||| DROPPING +3 flail of venom.
  4948 | D:5      | Reached * piety under Okawaru
  5005 | D:5      | 5005 ||| INVOKING Heroism.
  5017 | D:5      | 5017 ||| INVOKING Heroism.
  5018 | D:5      | Found a glowing golden altar of the Shining One.
  5019 | D:5      | 5019 ||| Stepping ~*~*~tactically~*~*~ (stealth).
  5029 | D:5      | 5029 ||| INVOKING Heroism.
  5034 | D:5      | Reached skill level 1 in Invocations
  5191 | D:5      | 5191 ||| INVOKING Heroism.
  5326 | D:5      | Reached skill level 8 in Axes
  5543 | D:5      | 5543 ||| Stepping ~*~*~tactically~*~*~ (stealth).
  5545 | D:5      | 5545 ||| Stepping ~*~*~tactically~*~*~ (stealth).
  5546 | D:5      | 5546 ||| Stepping ~*~*~tactically~*~*~ (stealth).
  5555 | D:5      | 5555 ||| INVOKING Heroism.
  5863 | D:5      | 5863 ||| READING scroll labelled ZUEREC BOSCH.
  5864 | D:5      | 5864 ||| READING scroll labelled SEACSE OKIAPP.
  5865 | D:5      | 5865 ||| DRINKING 2 orange potions.
  5866 | D:5      | 5866 ||| READING 4 scrolls of identify.
  5866 | D:5      | 5866 ||| IDENTIFYING fuming orange potion
  5867 | D:5      | 5867 ||| DROPPING potion of flight.
  5899 | D:6      | 5899 ||| PLANNING SEWER
  5967 | D:6      | 5967 ||| READING scroll of enchant armour.
  5967 | D:6      | 5967 ||| ENCHANTING +0 pair of boots.
  5985 | D:6      | Found a sacrificial altar of Ru.
  6073 | D:6      | Noticed Duvessa
  6073 | D:6      | Noticed Dowan
  6074 | D:6      | 6074 ||| Stepping ~*~*~tactically~*~*~ (hiding).
  6077 | D:6      | 6077 ||| INVOKING Heroism.
  6082 | D:6      | Killed Duvessa
  6083 | D:6      | Reached skill level 6 in Fighting
  6083 | D:6      | Reached XP level 9. HP: 47/55 MP: 7/11
  6086 | D:6      | Killed Dowan
  6087 | D:6      | Reached skill level 3 in Invocations
  6351 | D:6      | Found a shimmering altar of Xom.
  6352 | D:6      | Found a hazy altar of Hepliaklqana.
  6353 | D:6      | Noticed a spectral ugly thing
  6482 | D:6      | 6482 ||| INVOKING Heroism.
  6492 | D:6      | 6492 ||| READING scroll of teleportation.
  6496 | D:6      | 6496 ||| INVOKING Heroism.
  6496 | D:6      | HP: 9/55 [orc priest/divine providence (9)]
  6557 | D:6      | 6557 ||| RIP SEWER
  6752 | D:6      | 6752 ||| PLANNING D:1-11
  6846 | D:6      | Identified the +2 leather armour of the Candlemaker {rN+
                  | Slay+6}
  6973 | D:6      | 6973 ||| FLEEEEING.
  6979 | D:6      | 6979 ||| FLEEEEING.
  6990 | D:6      | 6990 ||| FLEEEEING.
  6991 | D:6      | 6991 ||| FLEEEEING.
  6992 | D:6      | 6992 ||| FLEEEEING.
  6993 | D:6      | 6993 ||| FLEEEEING.
  6994 | D:6      | 6994 ||| FLEEEEING.
  6995 | D:6      | 6995 ||| FLEEEEING.
  6996 | D:6      | 6996 ||| FLEEEEING.
  6997 | D:6      | 6997 ||| FLEEEEING.
  6998 | D:6      | 6998 ||| STAIRDANCE
  7049 | D:5      | 7049 ||| UPGRADING to +0 pair of gloves.
  7054 | D:5      | 7054 ||| DROPPING amulet of guardian spirit.
  7055 | D:5      | 7055 ||| DROPPING ring of flight.
  7056 | D:5      | 7056 ||| READING scroll labelled ULELUKO PORU.
  7057 | D:5      | 7057 ||| READING 3 scrolls of identify.
  7057 | D:5      | 7057 ||| IDENTIFYING brown potion
  7060 | D:6      | 7060 ||| INVOKING Heroism.
  7468 | D:7      | 7468 ||| Stepping ~*~*~tactically~*~*~ (stealth).
  7530 | D:7      | 7530 ||| Stepping ~*~*~tactically~*~*~ (stealth).
  7617 | D:7      | Reached skill level 9 in Axes
  7627 | D:7      | Found a burning altar of Makhleb.
  7705 | D:7      | 7705 ||| INVOKING Heroism.
  7742 | D:7      | 7742 ||| INVOKING Heroism.
  7856 | D:7      | Found a hide-covered altar of Uskayaw.
  7857 | D:7      | 7857 ||| INVOKING Heroism.
  7959 | D:7      | 7959 ||| Stepping ~*~*~tactically~*~*~ (hiding).
  7988 | D:7      | 7988 ||| Stepping ~*~*~tactically~*~*~ (stealth).
  7990 | D:7      | 7990 ||| Stepping ~*~*~tactically~*~*~ (hiding).
  8007 | D:7      | Reached ** piety under Okawaru
  8387 | D:8      | Noticed Psyche
  8388 | D:8      | 8388 ||| INVOKING Heroism.
  8409 | D:8      | Killed Psyche
  8423 | D:8      | 8423 ||| INVOKING Heroism.
  8477 | D:8      | 8477 ||| FLEEEEING.
  8478 | D:8      | 8478 ||| FLEEEEING.
  8512 | D:8      | 8512 ||| FLEEEEING.
  8513 | D:8      | 8513 ||| FLEEEEING.
  8523 | D:8      | 8523 ||| STAIRDANCE
  8615 | D:8      | 8615 ||| INVOKING Heroism.
  8638 | D:8      | 8638 ||| Stepping ~*~*~tactically~*~*~ (stealth).
  8641 | D:8      | 8641 ||| FLEEEEING.
  8642 | D:8      | 8642 ||| FLEEEEING.
  8643 | D:8      | 8643 ||| FLEEEEING.
  8646 | D:8      | 8646 ||| STAIRDANCE
  8794 | D:8      | Noticed a hornet
  8805 | D:8      | 8805 ||| INVOKING Heroism.
  8807 | D:8      | Reached XP level 10. HP: 34/63 MP: 10/13
  8814 | D:8      | Reached *** piety under Okawaru
  8867 | D:8      | 8867 ||| Stepping ~*~*~tactically~*~*~ (stealth).
  8875 | D:8      | 8875 ||| Stepping ~*~*~tactically~*~*~ (stealth).
  8886 | D:8      | 8886 ||| INVOKING Heroism.
  8891 | D:8      | Reached skill level 10 in Axes
  9046 | D:8      | Found Qiext's Book Shoppe.
  9167 | D:8      | 9167 ||| Stepping ~*~*~tactically~*~*~ (hiding).
  9171 | D:8      | 9171 ||| INVOKING Heroism.
  9177 | D:8      | Noticed Maurice
  9183 | D:8      | 9183 ||| Stepping ~*~*~tactically~*~*~ (hiding).
  9187 | D:8      | 9187 ||| Stepping ~*~*~tactically~*~*~ (hiding).
  9188 | D:8      | 9188 ||| Stepping ~*~*~tactically~*~*~ (hiding).
  9192 | D:8      | Paralysed by Maurice for 4 turns
  9204 | D:8      | 9204 ||| INVOKING Heroism.
  9209 | D:8      | Killed Maurice
  9383 | D:8      | Found a staircase to the Lair.
  9385 | D:8      | 9385 ||| INVOKING Heroism.
  9443 | D:8      | Found a sparkling altar of Nemelex Xobeh.
  9774 | D:8      | 9774 ||| UPGRADING to +0 cloak.
  9779 | D:8      | 9779 ||| DROPPING +2 ring mail of cold resistance.
  9780 | D:8      | 9780 ||| UPGRADING to +0 plate armour.
  9790 | D:8      | 9790 ||| DROPPING +0 chain mail.
  9791 | D:8      | 9791 ||| READING scroll labelled JUEREO MIMIA.
  9854 | D:8      | 9854 ||| DRINKING 2 fizzy brown potions.
  9854 | D:8      | Gained mutation: Your mind is acute. (Int +4, Str/Dex -1)
                  | [potion of mutation]
  9854 | D:8      | Gained mutation: You are agile. (Dex +4, Str/Int -1)
                  | [potion of mutation]
  9854 | D:8      | Gained mutation: Potions are less effective at restoring
                  | your health. [potion of mutation]
  9855 | D:8      | 9855 ||| DRINKING potion of mutation.
  9855 | D:8      | Lost mutation: Your mind is acute. (Int +4, Str/Dex -1)
                  | [potion of mutation]
  9855 | D:8      | Lost mutation: You are agile. (Dex +4, Str/Int -1) [potion
                  | of mutation]
  9855 | D:8      | Gained mutation: You have an increased reservoir of magic.
                  | (+10% MP) [potion of mutation]
  9855 | D:8      | Lost mutation: You have an increased reservoir of magic.
                  | (+10% MP) [potion of mutation]
  9855 | D:8      | Gained mutation: Your mind is acute. (Int +4, Str/Dex -1)
                  | [potion of mutation]
  9855 | D:8      | Gained mutation: You have large cloven feet. [potion of
                  | mutation]
  9856 | D:8      | 9856 ||| READING 7 scrolls of identify.
  9856 | D:8      | 9856 ||| IDENTIFYING clear potion
  9857 | D:8      | 9857 ||| DROPPING potion of brilliance.
  9871 | D:9      | 9871 ||| INVOKING Heroism.
  9872 | D:9      | 9872 ||| Stepping ~*~*~tactically~*~*~ (cloud).
  9984 | D:9      | 9984 ||| Stepping ~*~*~tactically~*~*~ (stealth).
  9997 | D:9      | Reached skill level 6 in Armour
 10005 | D:9      | 10005 ||| INVOKING Heroism.
 10243 | D:9      | Found an ancient bone altar of Kikubaaqudgha.
 10445 | D:9      | 10445 ||| Stepping ~*~*~tactically~*~*~ (stealth).
 10447 | D:9      | 10447 ||| Stepping ~*~*~tactically~*~*~ (hiding).
 10477 | D:9      | 10477 ||| Stepping ~*~*~tactically~*~*~ (cloud).
 10478 | D:9      | 10478 ||| Stepping ~*~*~tactically~*~*~ (cloud).
 10481 | D:9      | 10481 ||| Stepping ~*~*~tactically~*~*~ (cloud).
 10484 | D:9      | 10484 ||| Stepping ~*~*~tactically~*~*~ (cloud).
 10487 | D:9      | 10487 ||| INVOKING Heroism.
 10488 | D:9      | 10488 ||| READING scroll labelled WERU ZESYETAPNIN.
 10502 | D:9      | Reached **** piety under Okawaru
 10522 | D:9      | 10522 ||| FLEEEEING.
 10523 | D:9      | 10523 ||| FLEEEEING.
 10524 | D:9      | 10524 ||| FLEEEEING.
 10525 | D:9      | 10525 ||| FLEEEEING.
 10526 | D:9      | 10526 ||| FLEEEEING.
 10527 | D:9      | 10527 ||| FLEEEEING.
 10528 | D:9      | 10528 ||| FLEEEEING.
 10529 | D:9      | 10529 ||| FLEEEEING.
 10530 | D:9      | 10530 ||| FLEEEEING.
 10531 | D:9      | 10531 ||| FLEEEEING.
 10532 | D:9      | 10532 ||| FLEEEEING.
 10533 | D:9      | 10533 ||| FLEEEEING.
 10534 | D:9      | 10534 ||| FLEEEEING.
 10535 | D:9      | 10535 ||| FLEEEEING.
 10536 | D:9      | 10536 ||| FLEEEEING.
 10537 | D:9      | 10537 ||| FLEEEEING.
 10538 | D:9      | 10538 ||| FLEEEEING.
 10539 | D:9      | 10539 ||| FLEEEEING.
 10540 | D:9      | 10540 ||| FLEEEEING.
 10541 | D:9      | 10541 ||| FLEEEEING.
 10542 | D:9      | 10542 ||| FLEEEEING.
 10543 | D:9      | 10543 ||| FLEEEEING.
 10544 | D:9      | 10544 ||| FLEEEEING.
 10545 | D:9      | 10545 ||| FLEEEEING.
 10546 | D:9      | 10546 ||| FLEEEEING.
 10547 | D:9      | 10547 ||| FLEEEEING.
 10548 | D:9      | 10548 ||| FLEEEEING.
 10549 | D:9      | 10549 ||| FLEEEEING.
 10550 | D:9      | 10550 ||| FLEEEEING.
 10551 | D:9      | 10551 ||| FLEEEEING.
 10552 | D:9      | 10552 ||| FLEEEEING.
 10553 | D:9      | 10553 ||| FLEEEEING.
 10555 | D:9      | 10555 ||| INVOKING Heroism.
 10579 | D:9      | 10579 ||| INVOKING Heroism.
 10753 | D:9      | 10753 ||| Stepping ~*~*~tactically~*~*~ (hiding).
 10758 | D:9      | 10758 ||| INVOKING Heroism.
 10914 | D:9      | Found a large runed translucent door.
 10914 | D:9      | Noticed Erica
 10915 | D:9      | 10915 ||| Stepping ~*~*~tactically~*~*~ (hiding).
 10916 | D:9      | 10916 ||| Stepping ~*~*~tactically~*~*~ (hiding).
 10921 | D:9      | 10921 ||| INVOKING Heroism.
 10926 | D:9      | Killed Erica
 10927 | D:9      | Reached skill level 11 in Axes
 10927 | D:9      | Reached XP level 11. HP: 68/68 MP: 11/14
 10952 | D:9      | Found a large runed translucent door.
 11316 | D:8      | 11316 ||| PLANNING LAIR
 11431 | Lair:1   | Entered Level 1 of the Lair of Beasts
 11435 | Lair:1   | 11435 ||| INVOKING Heroism.
 11439 | Lair:1   | Received a gift from Okawaru
 11459 | Lair:1   | 11459 ||| INVOKING Heroism.
 11579 | Lair:1   | 11579 ||| INVOKING Heroism.
 11770 | Lair:1   | Noticed Gastronok
 11771 | Lair:1   | 11771 ||| INVOKING Heroism.
 11781 | Lair:1   | HP: 15/68 [komodo dragon (17)]
 11782 | Lair:1   | 11782 ||| READING scroll of teleportation.
 11783 | Lair:1   | 11783 ||| DRINKING 4 potions of heal wounds.
 11784 | Lair:1   | 11784 ||| DRINKING 3 potions of heal wounds.
 11785 | Lair:1   | 11785 ||| DRINKING 2 potions of heal wounds.
 11791 | Lair:1   | HP: 14/68 [yak (10)]
 11792 | Lair:1   | 11792 ||| DRINKING potion of heal wounds.
 11793 | Lair:1   | 11793 ||| INVOKING Heroism.
 11794 | Lair:1   | HP: 5/68 [yak (3)]
 11794 | Lair:1   | Slain by a yak

Levels and vault maps discovered:
D:1:      amcnicky_arrival_underground_garden, layout_loops_ring, serial_forest,
          infiniplex_forest_straight_4, infiniplex_forest_zigzag_1,
          infiniplex_forest_lined_corner, infiniplex_forest_lined_corner,
          infiniplex_forest_lined_room_, infiniplex_forest_straight_4,
          infiniplex_forest_lined_corner, ebering_ecumenical_altar_box
D:2:      minmay_diamond_boxcup, layout_basic
D:3:      layout_rooms, fedhas_altar_3, mainiacjoe_overflow_chevrons
D:4:      layout_basic, nicolae_dithmenos_the_darkroom,
          minmay_temple_entry_waves, kennysheep_crisscross, uniq_edmund,
          uniq_sigmund, uniq_pikel
D:5:      layout_loops_ring, mainiacjoe_overflow_small_starburst
D:6:      layout_basic, mainiacjoe_overflow_alcove_2,
          regret_index_temple_of_mockery, portal_sewer_entry_d, uniq_duvessa
D:7:      layout_basic, nicolae_uskayaw_dance_studio, marbit_many_paths
D:8:      minmay_recursive_quarters, layout_gridville,
          nemelex_spade_bored_becter, david_lair_shrubbed, serial_shops,
          nicolae_take_the_stairs, uniq_psyche, uniq_maurice
D:9:      layout_rooms, mainiacjoe_overflow_surrounded_room,
          jmf_multi_god_temple2, uniq_erica
Temple:   hellmonk_temple_divided_pantheon
Lair:1:   layout_big_grid, uniq_harold, uniq_gastronok, uniq_grum

Skill      XL: |  1  2  3  4  5  6  7  8  9 10 11 |
---------------+----------------------------------+-----
Axes           | 2 3 4 6 8 9 11 | 11.2
Dodging        | 2 |  2.9
Fighting       | 4 6 7 8 |  8.2
Throwing       | 1 |  1.9
Invocations    | 2 4 5 |  5.9
Armour         | 5 7 |  7.9
Shields        | 4 5 |  5.2

Action                   |  1- 3 |  4- 6 |  7- 9 | 10-12 || total
-------------------------+-------+-------+-------+-------++-------
Melee: War axe           |   130 |    85 |   324 |   223 ||   762
       Unarmed           |       |       |    15 |       ||    15
Throw: Boomerang         |       |     3 |    71 |    15 ||    89
       Javelin           |       |       |       |     1 ||     1
Invok: Heroism           |       |       |    15 |    16 ||    31
  Use: Scroll            |     1 |     9 |     9 |     4 ||    23
       Potion            |     1 |     1 |     3 |     6 ||    11
Armor: Scale mail        |    72 |     4 |       |       ||    76
       Chain mail        |       |    29 |   157 |    19 ||   205
       Plate armour      |       |       |       |   108 ||   108
Dodge: Dodged            |    73 |    22 |   130 |    89 ||   314
Block: Buckler           |    23 |    11 |    80 |    64 ||   178

Table legend:
 A = Non-vault XP
 B = Vault XP
 C = Vault XP percentage of total XP
 D = Non-vault monster count
 E = Vault monster count
 F = Vault count percentage of total count
                 A         B        C        D         E       F
            +---------+---------+-------+---------+---------+-------
      Total |    8034 |    4554 |  36.2 |     158 |      30 |  16.0
            +---------+---------+-------+---------+---------+-------
        D:1 |      36 |       0 |   0.0 |      22 |       0 |   0.0
        D:2 |      47 |      50 |  51.5 |      12 |       8 |  40.0
        D:3 |      29 |       0 |   0.0 |      11 |       0 |   0.0
        D:4 |     341 |     985 |  74.3 |      16 |       3 |  15.8
        D:5 |     744 |       0 |   0.0 |      20 |       0 |   0.0
        D:6 |     474 |     230 |  32.7 |      12 |       3 |  20.0
        D:7 |     730 |     126 |  14.7 |      20 |       5 |  20.0
        D:8 |     454 |    2353 |  83.8 |       7 |      10 |  58.8
        D:9 |    2292 |     810 |  26.1 |      26 |       1 |   3.7
     Lair:1 |    2887 |       0 |   0.0 |      12 |       0 |   0.0
            +---------+---------+-------+---------+---------+-------
